 Dungeon Crawl Stone Soup version 0.25-a0-429-g4e4398398a (webtiles) character file.

Game seed: 10845736956034801230, levelgen mode: deterministic

259 Esekla the Stinger (level 6, -1/29 HPs)
             Began as a Vine Stalker Venom Mage on Jan 25, 2020.
             Slain by an ice beast (4 damage)
             ... on level 3 of the Dungeon.
             The game lasted 00:32:34 (2841 turns).

Esekla the Stinger (Vine Stalker Venom Mage)        Turns: 2841, Time: 00:32:34

Health: -1/29      AC:  2    Str: 10    XL:     6   Next: 17%
Magic:  0/12       EV: 12    Int: 17    God:
Gold:   205        SH:  0    Dex: 15    Spells: 6/12 levels left

rFire    . . .     SeeInvis .   g - +0 falchion
rCold    . . .     Gourm    .   (no shield)
rNeg     . . .     Faith    .   a - +0 robe
rPois    .         Spirit   +   (no helmet)
rElec    .         Reflect  .   (no cloak)
rCorr    .         Harm     .   (no gloves)
MR       .....                  (no boots)
Stlth    ++........             b - amulet of rage
HPRegen  0.49/turn              (no ring)
MPRegen  0.13/turn              (no ring)

@: about to teleport, slowed, very slow
A: fangs 2, regeneration 1, magic shield, antimagic bite, no potion heal 3, rot
immunity
a: Evoke Berserk Rage


You were on level 3 of the Dungeon.
You were near starving.

You visited 1 branch of the dungeon, and saw 3 of its levels.
You also visited: Sewer.

You collected 205 gold pieces.

Inventory:

Hand Weapons
 g - a +0 falchion (weapon)
 l - a +0 battleaxe
 q - a +0 dagger
Missiles
 i - 5 curare-tipped darts
 p - 19 poisoned darts (quivered)
Armour
 a - a +0 robe (worn)
 t - a +1 helmet
Jewellery
 b - an amulet of rage (around neck)
Scrolls
 d - 4 scrolls of remove curse
Potions
 e - a potion of degeneration {unknown}
 f - 2 potions of agility {unknown}
 h - a potion of ambrosia {unknown}
 k - 3 potions of heal wounds {unknown}
 m - 4 potions of might {unknown}
 n - 4 potions of curing
 r - a potion of flight {unknown}
 s - a potion of brilliance {unknown}
Comestibles
 c - 4 rations


   Skills:
 + Level 0.6 Fighting
 + Level 1.0 Long Blades
 - Level 1.5 Dodging
 + Level 3.2 Stealth
 * Level 3.9 Spellcasting
 - Level 1.0 Transmutations
 * Level 3.1 Air Magic
 + Level 4.0 Poison Magic


You had 6 spell levels left.
You knew the following spells:

 Your Spells              Type           Power        Failure   Level  Hunger
a - Sting                 Tmut/Pois      ##..         5%          1    None
c - Mephitic Cloud        Conj/Pois/Air  ##......     19%         3    ###....
v - Poisonous Vapours     Pois/Air       ###...       5%          2    ##.....

Your spell library contained the following spells:

 Spells                   Type           Power        Failure   Level  Hunger
 Ignite Poison            Fire/Tmut/Pois #.......     24%         3    ###....
 Olgreb's Toxic Radiance  Pois           ###.....     30%         4    ####...


Dungeon Overview and Level Annotations

Branches:
Dungeon (3/15)              Sewer (visited)

Altars:
Qazlal

Annotations:
D:3 3 runed translucent doors, Borgoz's ghost, amateur GrBe; bmj180's ghost, amateur DrCj; emiel's ghost, amateur DsWn; shadowtheveil's ghost, amateur MiBe


Innate Abilities, Weirdness & Mutations

You have extremely sharp teeth.
Your natural rate of healing is unusually fast.
When hurt, damage is shared between your health and your magic reserves.
Your bite disrupts and absorbs the magic of your enemies.
Potions cannot restore your health.
You are immune to rotting.


Message History

The orc wizard shouts!
The orc wizard points at you and mumbles some strange words.
You feel yourself slow down.
The orc wizard casts a spell.
The orc wizard blinks!
The orc wizard mumbles some strange words.
The orc wizard blinks!
The ice beast barely misses you. The ice beast hits you.
The ice beast freezes you.
The orc wizard mumbles some strange words.
The orc wizard blinks!
The ice beast hits you. The ice beast freezes you!
* * * LOW HITPOINT WARNING * * *
As you read the scroll labeled LASHRI OSTRULEDO, it crumbles to dust.
It is a scroll of enchant armour.
Your helmet glows green for a moment.
The ice beast hits you but does no damage.
As you read the scroll labeled PYOFURPHO VILUC, it crumbles to dust.
You feel strangely unstable.
It was a scroll of teleportation.
The ice beast barely misses you. The ice beast hits you.
You die...

*,,,,,........#.##.##
*******#.......?.#.#.
#...o...###.#.
#...........#,
##.......#####,
#......#.#,,,*,
####r####.#.#.....
#.Y.......#)#.....
#@##......#.#.....
#.##......#.#..s..
#.##.....##.#.....
#########.#####.#.........
#...........r...#.........
###.#####.#########.#...##
#.# #.# #.#...# #.# #.#
*****#+#...# #.# #.#
*,,,,,,,*###


You could see an ice beast, an orc wizard and a rat.

Vanquished Creatures
  A big kobold (Sewer)
  A hound (D:2)
  An orc wizard (D:3)
  A river rat (D:3)
  3 adders (D:2)
  2 oozes (D:2)
  3 worms (D:2)
  3 dart slugs
  A leopard gecko (D:2)
  2 orcs (D:3)
  5 ball pythons
  2 giant cockroaches
  2 hobgoblins
  8 bats
  3 frilled lizards
  7 goblins
  17 kobolds
  14 rats
76 creatures vanquished.

Notes
Turn   | Place    | Note
-------+----------+-------------------------------------------
     0 | D:1      | Esekla the Vine Stalker Venom Mage began the quest for the
                  | Orb.
     0 | D:1      | Reached XP level 1. HP: 9/9 MP: 4/4
   248 | D:2      | Reached XP level 2. HP: 13/13 MP: 2/6
   265 | D:2      | Learned a level 2 spell: Poisonous Vapours
   902 | D:1      | Reached XP level 3. HP: 14/16 MP: 1/8
  1181 | D:2      | Reached skill level 1 in Air Magic
  1507 | D:2      | Gained mutation: Your natural rate of healing is unusually
                  | fast. [Vine Stalker growth]
  1507 | D:2      | Reached XP level 4. HP: 8/21 MP: 3/9
  1848 | D:1      | Learned a level 3 spell: Mephitic Cloud
  2032 | D:2      | Found a stormy altar of Qazlal.
  2129 | D:3      | Noticed an ice beast
  2135 | D:3      | Reached XP level 5. HP: 25/25 MP: 5/11
  2299 | D:3      | Found a glowing drain.
  2327 | Sewer    | Entered a sewer
  2591 | Sewer    | Noticed a big kobold
  2606 | Sewer    | Killed a big kobold
  2606 | Sewer    | Reached skill level 4 in Poison Magic
  2606 | Sewer    | Reached XP level 6. HP: 17/29 MP: 6/12
  2608 | Sewer    | Reached skill level 1 in Long Blades
  2757 | D:3      | Found a runed translucent gate.
  2757 | D:3      | Found a runed translucent gate.
  2757 | D:3      | Found a runed translucent gate.
  2758 | D:3      | Noticed Borgoz's ghost (amateur GrBe)
  2759 | D:3      | Noticed emiel's ghost (amateur DsWn)
  2759 | D:3      | Noticed shadowtheveil's ghost (amateur MiBe)
  2759 | D:3      | Noticed bmj180's ghost (amateur DrCj)
  2841 | D:3      | Slain by an ice beast

Levels and vault maps discovered:
D:1:      ncdulo_watergridlock, layout_loops_ring, kennysheep_nondescript
D:2:      layout_loops_ring, lemuel_round_altar, first_ration,
          minmay_tiny_reverse_x
D:3:      layout_basic, portal_sewer_entry_e, gammafunk_ghost_cemetery

Skill      XL: |  1  2  3  4  5  6 |
---------------+-------------------+-----
Air Magic      | 1 2 3 |  3.1
Spellcasting   | 3 |  3.9
Stealth        | 3 |  3.2
Poison Magic   | 4 |  4.0
Long Blades    | 1 |  1.0
Fighting       | |  0.6
Dodging        | |  1.5
Transmutations | |  1.0

Action                   |  1- 3 |  4- 6 || total
-------------------------+-------+-------++-------
Melee: Whip              |    21 |     6 ||    27
       Bite              |     4 |    23 ||    27
       Dagger            |       |    18 ||    18
       Falchion          |       |    64 ||    64
Throw: Dart              |       |     1 ||     1
 Cast: Sting             |     9 |     1 ||    10
       Poisonous Vapours |    28 |    33 ||    61
       Mephitic Cloud    |       |     1 ||     1
  Use: Scroll            |       |     8 ||     8
 Stab: Sleeping          |       |     5 ||     5
  Eat: Chunk             |     3 |     5 ||     8
Armor: Robe              |     3 |    19 ||    22
Dodge: Dodged            |    15 |    85 ||   100
       Rpst.: Falchion   |       |    24 ||    24

Table legend:
 A = Non-vault XP
 B = Vault XP
 C = Vault XP percentage of total XP
 D = Non-vault monster count
 E = Vault monster count
 F = Vault count percentage of total count
                 A         B        C        D         E       F
            +---------+---------+-------+---------+---------+-------
      Total |     203 |     168 |  45.3 |      42 |      34 |  44.7
            +---------+---------+-------+---------+---------+-------
        D:1 |      24 |       0 |   0.0 |      13 |       0 |   0.0
        D:2 |     116 |      12 |   9.4 |      18 |       2 |  10.0
        D:3 |      63 |      22 |  25.9 |      11 |       8 |  42.1
      Sewer |       0 |     134 | 100.0 |       0 |      24 | 100.0
            +---------+---------+-------+---------+---------+-------
